 Dungeon Crawl Stone Soup version 0.28-a0-983-g1de4e0787c (webtiles) character file.

Game seed: 6590166730012340209

394 Anon1729 the Poker (level 6, -5/44 HPs)
             Began as a Merfolk Monk on Dec 2, 2021.
             Was an Elder of Hepliaklqana.
             Succumbed to an orc wizard's poison
             ... on level 4 of the Dungeon.
             The game lasted 00:03:57 (3160 turns).

Anon1729 the Poker (Merfolk Monk)                   Turns: 3160, Time: 00:03:57

Health: -5/44      AC:  4    Str: 13    XL:     6   Next: 82%
Magic:  6/6        EV: 14    Int: 10    God:    Hepliaklqana [****..]
Gold:   224        SH:  0    Dex: 16    Spells: 5/5 levels left

rFire   . . .      SeeInvis .   a - +0 spear
rCold   . . .      Faith    .   (no shield)
rNeg    . . .      Spirit   .   l - +0 troll leather armour
rPois   .          Reflect  .   (no helmet)
rElec   .          Harm     .   (no cloak)
rCorr   .          Rampage  .   (no gloves)
Will    .....                   (no boots)
Stlth   +++.......              m - amulet of the acrobat
HPRegen 0.94/turn               (no ring)
MPRegen 0.10/turn               (no ring)

@: lethally poisoned (-5 -> -32), studying Stealth
A: reduced essence, (nimble swimmer 2), mertail
a: Renounce Religion, Recall Ancestor, Ancestor Identity, Transference, Idealise


You were on level 4 of the Dungeon.
You worshipped Hepliaklqana.
Hepliaklqana was greatly pleased with you.
You visited 1 branch of the dungeon, and saw 4 of its levels.
You also visited: Sewer.

You collected 224 gold pieces.

Inventory:

Hand Weapons
 a - a +0 spear (weapon)
Armour
 b - a +0 robe
 j - a +1 ring mail of cold resistance
 l - a +0 troll leather armour (worn)
Jewellery
 m - an amulet of the acrobat (around neck)
Wands
 i - a wand of iceblast (5)
Scrolls
 d - 7 scrolls of identify {unknown}
 g - a scroll of acquirement {unknown}
 h - a scroll of blinking {unknown}
 p - a scroll of fog {unknown}
 q - a scroll of vulnerability {unknown}
 r - a scroll of teleportation {unknown}
Potions
 c - a potion of brilliance {unknown}
 e - 2 potions of curing {unknown}
 f - a potion of attraction {unknown}
 k - a potion of cancellation {unknown}
 n - 3 potions of degeneration {unknown}
 o - a potion of magic {unknown}
 s - 2 potions of flight
 t - 2 potions of heal wounds


   Skills:
 + Level 4.6 Fighting
 * Level 7.6 Polearms
 + Level 5.5 Dodging
 + Level 4.7 Stealth


You had 5 spell levels left.
You didn't know any spells.
Your spell library was empty.

Dungeon Overview and Level Annotations

Branches:
Dungeon (4/15)             Temple (0/1) D:4           Sewer (visited)

Altars:
Hepliaklqana

Shops:
D:3 (

Annotations:
D:4 3 runed translucent doors, sanka's ghost, novice PaAK


Innate Abilities, Weirdness & Mutations

Your life essence is reduced to manifest your ancestor. (-10% HP)
((You are quick and stealthy near water. (Stealth+, EV+, Speed+++)))
Your lower body shifts to a powerful aquatic tail in water.


Message History

No target in view!
No target in view!
No target in view!
No target in view!
No target in view!
You hit something but do no damage. Something hits you but does no damage.
You hit something. You barely miss something. Something hits you.
You are poisoned.
You miss something.
You feel sick. Something barely misses you.
You barely miss something.
You feel sick.
You completely miss something.
You feel sick. Something hits you.
You miss something.
You feel sick. Something hits you.
You are more poisoned.
You hit something.
You feel sick.
You hear some strange, mumbled words.
Something tries to affect you, but you resist.
You barely miss something.
You feel sick.
A kobold comes into view. It is wielding a +0 club.
The kobold shouts!
You hit something but do no damage.
You feel sick.
You hear an angry hiss.
Something hits you.
You are more poisoned.
You miss something.
You feel very sick. Something hits you but does no damage.
You are lethally poisoned!
A steam dragon comes into view.
You closely miss something.
* * * LOW HITPOINT WARNING * * *
You feel very sick. Something hits you.
* * * LOW HITPOINT WARNING * * *
You are more poisoned.
You hit something.
* * * LOW HITPOINT WARNING * * *
You feel very sick.
You closely miss something.
You die...

..#.....#.# ##8..8##..#
..#.....#.## #8....8#..#
..#.....#..# #:....)#..#
..#.<...#..# #$....}#..#
..#.....#.## #8....8#..#
..#.....#.# #####8c.8##..#
###.....#.# ##.'.##++##...#
#.......# #.##......[...##
#.......# ##@#......[....####
#.......##.DK{##..########.....
#.....#^.######...# ##.....#
###.[...##..........# ##.......
........############# #...###..
......>.# #...##W##. ........#
#...##...## ........#
#..##.....# ........#
#..#⌠.!♣?.⌠


You could see a steam dragon and a kobold.

Vanquished Creatures
  A kobold brigand (Sewer)
  An orc wizard (D:2)
  An iguana (D:4)
  2 river rats
  2 adders (D:2)
  7 orcs
  7 ball pythons
  5 bats
  5 endoplasms
  A giant cockroach (D:4)
  7 hobgoblins
  5 jackals
  7 kobolds
  A quokka (D:2)
  3 frilled lizards
  5 goblins
  10 rats
70 creatures vanquished.

Vanquished Creatures (collateral kills)
  2 orc priests (D:4)
  3 orc wizards
  A river rat (D:4)
  5 orcs
  A ball python (D:2)
  A bat (D:3)
  2 endoplasms
  2 giant cockroaches
  2 goblins (D:2)
  A hobgoblin (D:2)
  2 kobolds (Sewer)
  A rat (D:4)
23 creatures vanquished.

Grand Total: 93 creatures vanquished

Notes
Turn   | Place    | Note
-------+----------+-------------------------------------------
     0 | D:1      | Anon1729 the Merfolk Monk began the quest for the Orb.
     0 | D:1      | Reached XP level 1. HP: 18/18 MP: 1/1
   210 | D:1      | Reached XP level 2. HP: 23/24 MP: 2/2
   347 | D:1      | Found a faded altar of an unknown god.
   470 | D:1      | Prayed at the altar of an unknown god.
   470 | D:1      | Became a worshipper of Hepliaklqana the Forgotten
   470 | D:1      | Reached * piety under Hepliaklqana
   470 | D:1      | Reached ** piety under Hepliaklqana
   531 | D:1      | Remembered your ancestor Wystan as a hexer
   779 | D:2      | Reached skill level 5 in Polearms
   779 | D:2      | Reached XP level 3. HP: 16/26 MP: 3/3
   995 | D:2      | Reached XP level 4. HP: 33/33 MP: 4/4
  1400 | D:2      | Reached skill level 6 in Polearms
  1449 | D:2      | Reached *** piety under Hepliaklqana
  1987 | D:3      | Reached XP level 5. HP: 36/37 MP: 5/5
  2164 | D:3      | Found Ycius's Antique Weapon Shoppe.
  2258 | D:3      | Reached skill level 5 in Dodging
  2595 | D:4      | Found a staircase to the Ecumenical Temple.
  2787 | D:4      | Found a large runed translucent door.
  2787 | D:4      | Found a large runed translucent door.
  2793 | D:4      | Noticed an orc warrior
  2793 | D:4      | Noticed a centaur
  2818 | D:4      | Reached XP level 6. HP: 34/44 MP: 6/6
  2825 | D:4      | Noticed sanka's ghost (novice PaAK)
  2828 | D:4      | Found a runed translucent door.
  2834 | D:4      | Reached **** piety under Hepliaklqana
  2880 | D:4      | Reached skill level 7 in Polearms
  2930 | D:4      | Found a glowing drain.
  2939 | Sewer    | Entered a sewer
  3046 | Sewer    | Found a white marble altar of Elyvilon.
  3157 | D:4      | Noticed a steam dragon
  3159 | D:4      | HP: 1/44 [poisoned by an orc wizard]
  3160 | D:4      | Succumbed to an orc wizard's poison

Illustrated notes

Levels and vault maps discovered:
D:1:      elethiomel_arrival_quiet, layout_rooms,
          shapermc_ecumenical_altar_acropolis
D:2:      layout_loops_ring
D:3:      layout_loops_cross, serial_shops, shop_coins
D:4:      layout_gridville, minmay_temple_entry_mist,
          hellmonk_ghost_happy_afterlife, portal_sewer_entry_e,
          minmay_hollow_rounded_squares

Skill      XL: |  1  2  3  4  5  6 |
---------------+-------------------+-----
Polearms       | 5 6 7 |  7.6
Stealth        | 3 4 |  4.7
Fighting       | 4 |  4.6
Dodging        | 5 |  5.5

Action                   |  1- 3 |  4- 6 || total
-------------------------+-------+-------++-------
Melee: Spear             |    63 |   217 ||   280
       Tailslap          |       |     1 ||     1
Invok: Ancestor Life: He |     1 |       ||     1
 Stab: Sleeping          |     2 |    18 ||    20
       Distracted        |     1 |     2 ||     3
       Confused          |       |     2 ||     2
Armor: Robe              |     5 |     4 ||     9
       Ring mail         |       |     8 ||     8
       Troll leather arm |       |    19 ||    19
Dodge: Dodged            |    34 |    56 ||    90

Table legend: (Time is in decaauts)
 A = Elapsed time spent in this place.
 B = Non-inter-level travel time spent in this place.
 C = Inter-level travel time spent in this place.
 D = Time resting spent in this place.
 E = Time spent auto-exploring this place.
 F = Levels seen in this place.
 G = Mean time per level.
                   A        B        C        D        E       F      G
               +--------+--------+--------+--------+--------+-----+--------+
         Total |   3070 |   2970 |    100 |     18 |   2334 |   5 |  614.0 |
       Dungeon |   2958 |   2858 |    100 |     18 |   2276 |   4 |  739.5 |
         Sewer |    111 |    111 |      0 |      0 |     57 |   1 |  111.0 |
               +--------+--------+--------+--------+--------+-----+--------+

Top non-repeatable levels by time:
     D:2: 1169 daAuts
     D:1: 754 daAuts
     D:3: 628 daAuts
     D:4: 406 daAuts
   Sewer: 111 daAuts
